Map: District de Néokirk EC (Void)

Players

Contentgaga - Winner!

  • Race: Protoss Protoss
  • League: Grandmaster
  • Spawn Location: 5:00

IA (facile)

  • Race: Terran Terran
  • Spawn Location: 7:00

VOD

Have the link to the VOD?

Description

Time

  • Played on: Dec. 7, 2016, 1:54 p.m.
  • Length: 5:31
Show
View Real Time Build Order
Export as new Build Order

Contentgaga Protoss - Winner!

Build Orders:  

Get SALT Encoding   

  12  0:01  Probe (Chrono Boost)  
  13  0:11  Probe (Chrono Boost)  
  14  0:20  Pylon  
  14  0:22  Probe (Chrono Boost)  
  15  0:38  Probe (Chrono Boost)  
  15  0:39  Gateway  
  16  0:46  Assimilator  
  16  0:48  Probe (Chrono Boost)  
  17  0:59  Probe (Chrono Boost)  
  18  1:09  Probe (Chrono Boost)  
  19  1:20  Probe (Chrono Boost)  
  19  1:21  Pylon  
  20  1:26  Cybernetics Core  
  20  1:30  Assimilator  
  20  1:32  Probe (Chrono Boost)  
  21  1:39  Gateway  
  21  1:43  Probe (Chrono Boost)  
  23  1:54  Probe (Chrono Boost)  
  23  2:01  Gateway  
  23  2:03  Warp Gate (Chrono Boost)  
  23  2:09  Gateway  
  23  2:16  Mothership Core  
  25  2:24  Stalker  
  27  2:31  Pylon  
  27  2:40  Stalker  
  29  2:48  Stalker  
  31  2:56  Stalker  
  33  3:05  Stalker  
  35  3:12  Pylon  
  35  3:18  Pylon  
  35  3:51  Pylon  
  35  3:53  Stalker  
  35  3:54  Stalker  
  39  4:04  Pylon  
  39  4:05  Pylon  
  39  4:11  Stalker x2  
  43  4:25  Stalker x2  
  43  4:31  Probe  
  48  4:45  Stalker  
  48  4:46  Stalker  
  52  4:57  Stalker x2  
Show
View Real Time Build Order
Export as new Build Order

IA (facile) Terran 

Build Orders:  

Get SALT Encoding   

  12  0:00  SCV  
  13  0:13  SCV  
  14  0:20  Supply Depot  
  14  0:25  SCV  
  15  0:42  SCV  
  16  0:45  Refinery, Barracks  
  16  1:11  Supply Depot  
  16  1:21  Refinery  
  16  1:31  Marine  
  17  1:32  Orbital Command  
  17  1:55  Marine  
  18  2:15  Supply Depot, Barracks Tech Lab  
  18  2:18  SCV  
  19  2:30  SCV  
  19  2:32  Marine  
  21  2:42  SCV  
  22  2:54  SCV  
  22  2:57  Marauder  
  25  3:06  SCV  
  26  3:18  SCV  
  27  3:20  Marauder  
  26  3:44  Marauder  
  26  3:52  SCV  
  24  4:05  Marauder  
  24  4:07  SCV  
  18  4:19  SCV  
  7  4:31  SCV  
  3  4:44  SCV  
  4  4:51  Barracks  
Tags
 
Add a new tag
Caveats
  • Supply blocks, unpowered buildings, or Contaminate may cause inaccurate times.
  • Supply counts are checked every 10 seconds.